 Dungeon Crawl Stone Soup version 0.30.0-10-gfe55d96785 (webtiles) character file.

Game seed: 5677786065924905573

188940 PoweredByGinger the Executioner (level 17, -1/170 HPs)
             Began as a Minotaur Gladiator on May 14, 2023.
             Was a High Priest of Okawaru.
             Shot with an arrow by a satyr (12 damage)
             ... on level 4 of the Shoals.
             The game lasted 01:11:03 (47963 turns).

PoweredByGinger the Executioner (MiGl)             Turns: 47963, Time: 01:11:04

Health: -1/170     AC: 34    Str: 31    XL:     17   Next: 93%
Magic:  0/21       EV: 16    Int:  5    God:    Okawaru [*****.]
Gold:   982        SH:  0    Dex: 10    Spells: 16/16 levels left

rFire   + . .        b - +2 arbalest (elec)
rCold   + + .        (shield currently unavailable)
rNeg    + . .        y - +11 gold dragon scales
rPois   +            c - +0 hat
rElec   .            z - scarf "Gem Ciat" {+Inv, Will- rCorr Str+3}
rCorr   +            g - +2 pair of gloves
SInv    .            (no boots)
Will    .....        H - amulet of guardian spirit Stlth
                     M - ring of Otely {rC+ rN+ Str+3 Dex-2}
HPRegen 0.00/turn    i - +5 ring of evasion
MPRegen 0.17/turn

%: guardian spirit
@: weak-willed, afraid, inhibited regen, hasted, studying Spellcasting,
invisible, very quick
A: horns 2, retaliatory headbutt, clumsy 1, strong-willed 1, inhibited
regeneration, subdued magic 1
a: Renounce Religion, Evoke Invisibility, Heroism, Finesse, Duel


You were on level 4 of the Shoals.
You worshipped Okawaru.
Okawaru was extremely pleased with you.
You visited 7 branches of the dungeon, and saw 32 of its levels.
You also visited: Ossuary, Gauntlet and Ice Cave.

You collected 3897 gold pieces.
You spent 2915 gold pieces at shops.

Inventory:

Hand Weapons
 a - a +1 heavy executioner's axe
 b - a +2 arbalest of electrocution (weapon)
 d - a +3 heavy battleaxe
 F - a +3 glaive of flaming
Missiles
 e - 13 javelins
 m - 102 poisoned darts
 D - 43 boomerangs
 U - 7 boomerangs of dispersal
 W - 2 throwing nets
Armour
 c - a +0 hat (worn)
 g - a +2 pair of gloves (worn)
 y - +11 gold dragon scales (worn)
 z - the scarf "Gem Ciat" (worn) {+Inv, Will- rCorr Str+3}
   (Okawaru gifted it to you on level 2 of the Shoals)

   Str:       It affects your strength (+3).
   rCorr:     It protects you from acid and corrosion.
   Will:      It decreases your willpower.
 V - a +0 cloak of cold resistance
Jewellery
 i - a +5 ring of evasion (right hand)
 j - a ring of flight
 k - a ring of protection from cold
 u - an amulet of faith
 v - a ring of protection from cold
 A - the ring "Omuawech" {*Slow rF+ Int+4 Stlth+}
   (You found it in an ice cave)

   [ring of protection from fire]

   Int:       It affects your intelligence (+4).
   rF:        It protects you from fire.
   *Slow:     It may slow you when you take damage.
   Stlth:     It makes you more stealthy.
 C - a ring of fire
 G - a +5 ring of evasion
 H - an amulet of guardian spirit (around neck)
 M - the ring of Otely (left hand) {rC+ rN+ Str+3 Dex-2}
   (You took it off an orc wizard on level 10 of the Dungeon)

   [ring of protection from cold]

   Str:       It affects your strength (+3).
   Dex:       It affects your dexterity (-2).
   rC:        It protects you from cold.
   rN:        It protects you from negative energy.
Wands
 B - a wand of flame (70)
 N - a wand of mindburst (28)
 R - a wand of iceblast (2)
 S - a wand of paralysis (16)
 Y - a wand of digging (22)
Scrolls
 n - 3 scrolls of poison
 o - 6 scrolls of immolation
 p - 5 scrolls of blinking
 q - 7 scrolls of teleportation
 r - 6 scrolls of enchant weapon
 t - 5 scrolls of fear
 I - 7 scrolls of fog
 K - a scroll of enchant armour
 L - 4 scrolls of silence
 O - 6 scrolls of identify
 P - 4 scrolls of brand weapon
 T - 6 scrolls of magic mapping
Potions
 f - 10 potions of lignification
 h - 5 potions of haste
 s - 7 potions of might
 w - 4 potions of attraction
 x - 2 potions of cancellation
 E - 10 potions of curing
 J - 5 potions of resistance
 X - 3 potions of ambrosia
 Z - a potion of berserk rage


   Skills:
 - Level 19.8 Fighting
 * Level 23.1(23.5) Axes
 - Level 7.5(16.9) Maces & Flails
 + Level 6.1 Ranged Weapons
 - Level 2.0 Throwing
 - Level 14.2 Armour
 + Level 14.8 Dodging
 - Level 7.0 Invocations
 + Level 3.3 Evocations


You had 16 spell levels left.
You didn't know any spells.
Your spell library contained the following spells:

 Spells                   Type           Power      Damage    Failure   Level
 Magic Dart               Conj           0%         1d3       100%        1
 Sandblast                Erth           0%         2d4       100%        1
 Slow                     Hex            0%         N/A       100%        1
 Sting                    Tmut/Pois      0%         1d3       100%        1
 Cigotuvi's Dreadful Rot  Necr/Pois/Air  0%         N/A       100%        2
 Passwall                 Tmut/Erth      0%         N/A       100%        2
 Poisonous Vapours        Pois/Air       0%         N/A       100%        2
 Searing Ray              Conj           0%         2d4       100%        2
 Confusing Touch          Hex            0%         N/A       100%        3
 Hailstorm                Conj/Ice       0%         3d3       100%        3
 Ignite Poison            Fire/Tmut/Pois 0%         N/A       100%        3
 Mephitic Cloud           Conj/Pois/Air  0%         N/A       100%        3
 Ozocubu's Armour         Ice            0%         N/A       100%        3
 Portal Projectile        Hex/Tloc       0%         N/A       100%        3
 Stone Arrow              Conj/Erth      0%         3d7       100%        3
 Vampiric Draining        Necr           0%         2d6       100%        3
 Fulminant Prism          Conj/Hex       0%         3d5       100%        4
 Ice Form                 Ice/Tmut       0%         N/A       100%        4
 Leda's Liquefaction      Hex/Erth       0%         N/A       100%        4
 Olgreb's Toxic Radiance  Pois           0%         N/A       100%        4
 Freezing Cloud           Conj/Ice/Air   0%         6-21      100%        5
 Metabolic Englaciation   Hex/Ice        0%         N/A       100%        5
 Orb of Destruction       Conj           0%         9d5       100%        7
 Lehudib's Crystal Spear  Conj/Erth      0%         10d2      100%        8
 Call Canine Familiar     Summ           Unusable   N/A       N/A         3
 Summon Guardian Golem    Hex/Summ       Unusable   N/A       N/A         3
 Animate Armour           Summ/Erth      Unusable   N/A       N/A         4
 Simulacrum               Ice/Necr       Unusable   N/A       N/A         6
 Spellforged Servitor     Conj/Summ      Unusable   N/A       N/A         7

Dungeon Overview and Level Annotations

Branches:
Dungeon (15/15)            Temple (1/1) D:6            Lair (5/5) D:9
 Shoals (4/4) Lair:3       Spider (4/4) Lair:3        Slime (0/5) Lair:5
    Orc (2/2) D:11            Elf (0/3) Orc:2        Vaults (0/5) D:13
 Depths (1/4) D:15        Ossuary (visited)           IceCv (visited)
Gauntlet (visited)

Altars:
Ashenzari
Cheibriados
Dithmenos
Elyvilon
Fedhas
Gozag
Hepliaklqana
Kikubaaqudgha
Makhleb
Nemelex Xobeh
Okawaru
Qazlal
Ru
Sif Muna
Trog
Uskayaw
Vehumet
Wu Jian
Xom
Yredelemnul
Zin
The Shining One
Jiyva

Shops:
D:7 *   D:10 !   D:14 ?   Orc:1 [[!(   Orc:2 :*[(   Shoals:1 :*[   Shoals:3 :

Annotations:
Lair:5 exclusion: 3 oklob plants


Innate Abilities, Weirdness & Mutations

You have a pair of horns on your head.
You reflexively headbutt those who attack you in melee.
You are clumsy. (Dex -2)
You are strong-willed. (Will+)
You do not regenerate when monsters are visible.
Your spells are a little easier to cast, but a little less powerful.


Message History

The scroll dissolves into smoke.
The manticore flicks its tail.
The volley of spikes misses you.
Unknown command.
Unknown command.
You feel better.
You are no longer terrified.
The alligator snapping turtle bites you but does no damage.
Unknown command.
Unknown command.
You feel better.
Unknown command.
Unknown command.
The alligator snapping turtle misses you.
The manticore flicks its tail.
The volley of spikes hits you but does no damage.
You see here a barnacled rune of Zot.
The manticore flicks its tail.
The volley of spikes hits you but does no damage.
Things that are here:
a +0 dagger; a wand of paralysis (8)
Your surroundings suddenly seem different.
The satyr shouts! x2; The wind drake hisses angrily.
You hear a shout!
The satyr shoots an arrow.
The arrow closely misses you.
The satyr plays a rousing melody on his pipes!
The satyrs go into a battle-frenzy!
The satyr shouts!
You hear an angry hiss.
The satyr shoots an arrow.
The arrow hits you!!
* * * LOW HITPOINT WARNING * * *
The satyr plays a frightful melody on his pipes!
The satyr radiates an aura of fear!
You are terrified of the satyr!
The merfolk siren shouts!
The wind drake exhales a fierce blast of wind!
You are knocked back by the gust of wind.
The satyr plays a rousing melody on his pipes!
The satyr goes into a battle-frenzy!
You fade into invisibility!
The satyr shoots an arrow.
The arrow hits you!
You die...

≈ ##...#.†cc# ###..........##.
...........##..cm.....~...#..
##.###c........~....~.#.....)#..
..m....##.#..c.#~..#... #..))##..
.~....~ ###...##...#.######.###.~
........#....c8.....†.......~....
...... ~~~~~~~k~~~~~~~~~~~~~~~~~~
.~.... #8c.~.....$..~.~.....)8..
.~~... #.##'..#@$...######.#.#..
..cc.. #.#.~..#.~~..~.##.....#..
##ct#. #....#....[.........##.
... #..~..#.~..~...~....#.. .#
#..c.#####...#..~...#.. ≈ ##..##
#~...##....###. ≈# ....
##...##..)####. ≈# .....
#...........##. ###.#
.~#######...##..


You could see 4 satyrs, a wind drake (repels missiles, unable to see you,
catching breath) and a merfolk siren (unable to see you).

Vanquished Creatures
  A golden dragon (IceCv)
  Jorgrun (Orc:1)
  Louise (Shoals:1)
  An emperor scorpion (Spider:1)
  3 ghost moths
  2 broodmothers
  An orc warlord (Orc:2)
  Azrael (D:15)
  2 minotaurs
  A spark wasp (Spider:4)
  3 merfolk javelineers
  A fire dragon (Lair:5)
  8 merfolk impalers
  5 hydras
  4 vault guards (D:13)
  4 entropy weavers
  5 ice dragons (IceCv)
  An ogre mage (D:13)
  3 jorogumos
  5 radroaches
  4 catoblepae
  4 satyrs (Shoals:4)
  A two-headed ogre (D:5)
  5 centaur warriors
  3 merfolk avatars
  A death knight (D:14)
  A merfolk aquamancer (Shoals:2)
  3 death yaks (Lair:5)
  6 orc high priests
  Sonja (Lair:5)
  2 skysharks (Shoals:1)
  A fire crab (Gauntlet)
  5 skeletal warriors
  Lodul (D:14)
  A golden dragon zombie (D:15)
  A death drake (Gauntlet)
  8 pharaoh ants
  2 sun moths (Spider:1)
  12 sea snakes
  A swamp dragon (Lair:5)
  8 orb spiders
  A wizard (D:14)
  3 steelbarb worms
  An orange crystal statue (IceCv)
  2 phantasmal warriors
  7 orc knights
  2 necromancers
  3 deep elf pyromancers
  26 wolf spiders
  8 harpies
  2 orc sorcerers
  4 ugly things (D:15)
  8 fauns
  3 cyclopes
  Joseph (D:9)
  A spectral centaur (Gauntlet)
  7 manticores
  A centaur zombie (D:10)
  5 black mambas (Lair:5)
  9 merfolk sirens
  3 moths of wrath
  4 water nymphs
  A guardian serpent (Lair:5)
  A fire giant skeleton (D:15)
  5 torpor snails
  A gargoyle (D:13)
  5 demonic crawlers
  9 cane toads
  3 unseen horrors
  6 storm dragon simulacra (IceCv)
  A rime drake (Lair:5)
  2 spriggan zombies (D:15)
  11 komodo dragons
  5 kobold demonologists
  A tengu conjurer (D:13)
  An efreet (D:15)
  A redback zombie (Gauntlet)
  A freezing wraith (D:14)
  6 golden dragon simulacra (IceCv)
  A yaktaur (D:15)
  7 meliai
  10 wind drakes
  5 trolls
  26 merfolk
  2 hornets
  36 tarantellas
  10 dream sheep
  24 blink frogs
  8 snapping turtles
  23 jumping spiders
  10 slime creatures (D:15)
  31 culicivoras
  A shadow (D:11)
  A meliai zombie (D:10)
  Sigmund (D:6)
  12 water elementals
  A fire elemental (D:15)
  A human (shapeshifter) (D:15)
  8 wyverns
  24 yaks
  4 fire bats (Gauntlet)
  5 wraiths
  7 basilisks
  49 redbacks
  6 steam dragons
  2 wargs (Orc:2)
  7 vampire mosquitoes
  Edmund (D:6)
  4 acid dragons
  28 water moccasins
  5 hell hounds (D:15)
  A spectral hornet (Gauntlet)
  36 orc warriors
  3 swamp drakes (Lair:5)
  3 sky beasts
  2 ice beasts (D:6)
  3 ice dragon simulacra (IceCv)
  A black bear (D:4)
  5 centaurs
  13 ogres
  24 wolves
  3 phantoms
  5 kobold brigands
  10 bullfrogs
  2 scorpions
  10 killer bees
  6 lindwurm simulacra (IceCv)
  5 howler monkeys
  3 electric eels
  A human zombie (Ossuary)
  3 jellies
  7 hounds
  18 orc priests
  A gnoll bouda (D:5)
  Crazy Yiuf (D:3)
  3 sleepcaps
  8 iguanas
  Terence (D:2)
  16 orc wizards
  Natasha (twice) (D:2)
  6 ogre zombies (D:11)
  3 mummies (Ossuary)
  5 adders
  3 gnolls (D:5)
  A shadow imp (D:8)
  7 worms
  6 dart slugs
  60 orcs
  3 endoplasms
  8 giant cockroaches
  2 gnoll zombies (Ossuary)
  6 goblins
  12 hobgoblins
  2 jackals (D:2)
  4 quokkas
  7 ball pythons
  7 bats
  6 frilled lizards
  A goblin skeleton (D:11)
  5 goblin zombies
  4 hobgoblin zombies
  20 kobolds
  A kobold zombie (Ossuary)
  2 orc skeletons (D:11)
  12 orc zombies (D:11)
  2 quokka zombies (D:5)
  4 rats
1040 creatures vanquished.

Vanquished Creatures (others)
  A sphinx (Shoals:4)
1 creature vanquished.

Grand Total: 1041 creatures vanquished

Notes
Turn   | Place    | Note
-------+----------+-------------------------------------------
     0 | D:1      | PoweredByGinger the Minotaur Gladiator began the quest for
                  | the Orb.
     0 | D:1      | Reached XP level 1. HP: 18/18 MP: 0/0
    60 | D:1      | Reached skill level 4 in Axes
    63 | D:1      | Reached XP level 2. HP: 22/25 MP: 1/1
   283 | D:1      | Reached skill level 5 in Axes
   394 | D:1      | Reached XP level 3. HP: 30/30 MP: 2/2
   759 | D:2      | Found a shimmering blue altar of Sif Muna.
   954 | D:2      | Noticed Natasha
   960 | D:2      | Killed Natasha
   961 | D:2      | Reached skill level 6 in Axes
   961 | D:2      | Reached XP level 4. HP: 13/37 MP: 3/3
  1089 | D:2      | Found a faded altar of an unknown god.
  1114 | D:2      | Noticed Natasha
  1118 | D:2      | Killed Natasha
  1186 | D:2      | Noticed Terence
  1193 | D:2      | Killed Terence
  1194 | D:2      | Reached XP level 5. HP: 37/42 MP: 4/4
  1196 | D:2      | Reached skill level 7 in Axes
  1361 | D:3      | Identified the +0 ring mail of Kery {Rampage rElec rF+
                  | Slay+2}
  1851 | D:3      | Found a runed translucent door.
  1852 | D:3      | Noticed Crazy Yiuf
  1853 | D:3      | Identified the +10 hammer of Incongruity {antimagic,
                  | Fragile rCorr Str+3}
  1859 | D:3      | Killed Crazy Yiuf
  2502 | D:4      | Reached skill level 8 in Axes
  2536 | D:4      | Reached XP level 6. HP: 36/50 MP: 5/5
  2837 | D:4      | Reached skill level 9 in Axes
  2837 | D:4      | Reached XP level 7. HP: 45/59 MP: 6/6
  2983 | D:5      | Entered Level 5 of the Dungeon
  3029 | D:5      | Reached skill level 5 in Fighting
  3213 | D:5      | Found a sand-covered staircase.
  3223 | Ossuary  | Entered an ossuary
  3223 | Ossuary  | Noticed a wraith
  3223 | Ossuary  | Noticed a wraith
  3223 | Ossuary  | Noticed a wraith
  3652 | Ossuary  | Noticed a wraith
  3661 | Ossuary  | Killed a wraith
  3976 | D:5      | Noticed a two-headed ogre
  3982 | D:5      | Reached skill level 10 in Axes
  3988 | D:5      | Killed a two-headed ogre
  3989 | D:5      | Reached skill level 11 in Axes
  3989 | D:5      | Reached XP level 8. HP: 72/74 MP: 7/7
  3992 | D:5      | Identified the +2 leather armour of the Hidden Vale {rC+}
  4193 | D:5      | Found a hazy altar of Hepliaklqana.
  4589 | D:6      | Noticed Edmund
  4598 | D:6      | Killed Edmund
  4599 | D:6      | Reached XP level 9. HP: 73/82 MP: 8/8
  4719 | D:6      | Found a staircase to the Ecumenical Temple.
  4734 | Temple   | Entered the Ecumenical Temple
  4860 | Temple   | Became a worshipper of Warmaster Okawaru
  5020 | D:6      | Reached skill level 12 in Axes
  5231 | D:6      | Noticed Sigmund
  5373 | D:6      | Killed Sigmund
  5571 | D:7      | Reached * piety under Okawaru
  5646 | D:7      | Found Gafrix's General Store.
  5650 | D:7      | Reached skill level 10 in Fighting
  6039 | D:7      | Reached skill level 13 in Axes
  7414 | D:9      | Noticed a kobold demonologist
  7414 | D:9      | Noticed a kobold demonologist
  7418 | D:9      | Noticed a soul eater
  7422 | D:9      | Killed a kobold demonologist
  7422 | D:9      | Reached ** piety under Okawaru
  7423 | D:9      | Reached XP level 10. HP: 95/96 MP: 9/9
  7797 | D:9      | Found a staircase to the Lair.
  7841 | D:9      | Reached skill level 14 in Axes
  8063 | D:9      | Noticed Joseph
  8073 | D:9      | Killed Joseph
  8204 | D:9      | Identified the +0 ring mail of Ukack {rElec Int+5}
  8333 | D:10     | Entered Level 10 of the Dungeon
  8639 | D:10     | Reached *** piety under Okawaru
  8691 | D:10     | Found a basalt altar of Yredelemnul.
  8858 | D:10     | Identified the ring of Otely {rC+ rN+ Str+3 Dex-2}
  9100 | D:10     | Reached skill level 15 in Axes
  9290 | D:10     | Found a snail-covered altar of Cheibriados.
  9300 | D:10     | Found a burning altar of Makhleb.
 10007 | D:10     | Noticed a rust devil
 10007 | D:10     | Noticed a soul eater
 10007 | D:10     | Reached **** piety under Okawaru
 10008 | D:10     | Reached XP level 11. HP: 99/107 MP: 10/10
 10018 | D:10     | Noticed a sun demon
 10232 | D:10     | Found Tumautot's Distillery.
 10240 | D:10     | Bought a potion of curing for 39 gold pieces
 10240 | D:10     | Bought a potion of curing for 39 gold pieces
 10240 | D:10     | Bought a potion of heal wounds for 65 gold pieces
 10921 | D:11     | Found a staircase to the Orcish Mines.
 11166 | D:11     | Reached ***** piety under Okawaru
 11589 | D:11     | Reached skill level 16 in Axes
 12131 | D:12     | Found an opulent altar of Gozag.
 12680 | D:13     | Noticed a skeletal warrior
 12759 | D:13     | Found a gate leading to a gauntlet.
 12767 | Gauntlet | Entered a Gauntlet
 12767 | Gauntlet | Found a transporter.
 12767 | Gauntlet | Found a transporter.
 12768 | Gauntlet | Noticed a fire crab
 12778 | Gauntlet | Found a transporter.
 12782 | Gauntlet | Found a transporter.
 12784 | Gauntlet | Noticed a wizard
 12790 | Gauntlet | Found a transporter.
 12794 | Gauntlet | Found a transporter.
 12796 | Gauntlet | Noticed a sixfirhy
 12797 | Gauntlet | Noticed a sixfirhy
 12798 | Gauntlet | Noticed a sixfirhy
 12803 | Gauntlet | Found a transporter.
 12822 | Gauntlet | Found a transporter.
 12826 | Gauntlet | Noticed a death drake
 12840 | Gauntlet | Found a transporter.
 12844 | Gauntlet | Found a transporter.
 12848 | Gauntlet | Found a runed translucent door.
 12849 | Gauntlet | Found a runed translucent door.
 12852 | Gauntlet | Found a transporter.
 12856 | Gauntlet | Found a transporter.
 12856 | Gauntlet | Noticed a necromancer
 12910 | Gauntlet | Reached skill level 1 in Invocations
 12918 | Gauntlet | Received a gift from Okawaru
 12918 | Gauntlet | Found the +8 Wrath of Trog {antimagic, *Rage Rampage}
 12925 | Gauntlet | Killed a fire crab
 13050 | Gauntlet | Killed a necromancer
 13294 | Gauntlet | Reached skill level 5 in Invocations
 13318 | Gauntlet | Killed a death drake
 13565 | Gauntlet | Identified the +8 falchion "Venim" {drain, rElec Str+2
                  | Dex-5}
 13565 | Gauntlet | Noticed a minotaur
 13584 | Gauntlet | Killed a minotaur
 13835 | Gauntlet | Identified the +0 ring mail "Vamyfiel" {rPois rN+ Stlth+}
 13987 | Lair:1   | Entered Level 1 of the Lair of Beasts
 14345 | Lair:1   | Reached XP level 12. HP: 108/116 MP: 16/16
 14504 | Lair:1   | Reached skill level 1 in Armour
 15665 | Lair:2   | Noticed a six-headed hydra
 15669 | Lair:2   | Killed a four-headed hydra
 15922 | Lair:2   | Reached skill level 17 in Axes
 16117 | Lair:2   | Reached skill level 15 in Fighting
 16138 | Lair:2   | Reached skill level 5 in Dodging
 16441 | Lair:2   | Noticed a six-headed hydra
 16447 | Lair:2   | Killed a four-headed hydra
 16650 | Lair:2   | Received a gift from Okawaru
 17259 | Lair:3   | Gained mutation: You are frail. (-10% HP) [potion of
                  | mutation]
 17259 | Lair:3   | Gained mutation: You are dopey. (Int -2) [potion of
                  | mutation]
 17259 | Lair:3   | Gained mutation: You occasionally lose the ability to drink
                  | potions when taking damage. [potion of mutation]
 17259 | Lair:3   | Gained mutation: Your system is resistant to poisons.
                  | (rPois) [potion of mutation]
 17260 | Lair:3   | Lost mutation: You are dopey. (Int -2) [potion of mutation]
 17260 | Lair:3   | Lost mutation: Your system is resistant to poisons. (rPois)
                  | [potion of mutation]
 17260 | Lair:3   | Gained mutation: You are partially covered in iridescent
                  | scales. (AC +2) [potion of mutation]
 17261 | Lair:3   | Lost mutation: You occasionally lose the ability to drink
                  | potions when taking damage. [potion of mutation]
 17261 | Lair:3   | Lost mutation: You are partially covered in iridescent
                  | scales. (AC +2) [potion of mutation]
 17261 | Lair:3   | Lost mutation: You are frail. (-10% HP) [potion of
                  | mutation]
 17261 | Lair:3   | Gained mutation: You are strong-willed. (Will+) [potion of
                  | mutation]
 17261 | Lair:3   | Gained mutation: Your spells are a little easier to cast,
                  | but a little less powerful. [potion of mutation]
 17395 | Lair:3   | Found a hole to the Spider Nest.
 17684 | Lair:3   | Reached skill level 5 in Armour
 17800 | Lair:3   | Noticed a seven-headed hydra
 17817 | Lair:3   | Killed a two-headed hydra
 18072 | Lair:3   | Noticed a four-headed hydra
 18084 | Lair:3   | Killed a one-headed hydra
 18254 | Lair:3   | Reached skill level 18 in Axes
 18271 | Lair:3   | Noticed a catoblepas
 18290 | Lair:3   | Killed a catoblepas
 18291 | Lair:3   | Reached XP level 13. HP: 46/127 MP: 17/17
 18623 | Lair:3   | Found a staircase to the Shoals.
 18847 | Lair:4   | You fall into a shaft and drop 1 floor!
 18847 | Lair:5   | Entered Level 5 of the Lair of Beasts
 20344 | Lair:4   | Received a gift from Okawaru
 20928 | Lair:5   | Paralysed by a hornet for 1 turns
 21619 | Lair:5   | Reached skill level 19 in Axes
 22391 | Lair:5   | Noticed Sonja
 22412 | Lair:5   | HP: 1/129 [Sonja/+2 dagger of distortion (15)]
 22647 | Lair:5   | Killed Sonja
 22647 | Lair:5   | Reached ****** piety under Okawaru
 22836 | Lair:5   | Received a gift from Okawaru
 23192 | Lair:5   | Noticed a fire dragon
 23206 | Lair:5   | Killed a fire dragon
 23206 | Lair:5   | Received a gift from Okawaru
 23207 | Lair:5   | Reached XP level 14. HP: 101/138 MP: 11/18
 23674 | Lair:5   | Found a viscous altar of Jiyva.
 23675 | Lair:5   | Found a staircase to the Slime Pits.
 24607 | Orc:1    | Entered Level 1 of the Orcish Mines
 24665 | Orc:1    | Found Weul's Distillery.
 24709 | Orc:1    | Found a radiant altar of Vehumet.
 24749 | Orc:1    | Found Unoygobi's Antique Armour Emporium.
 24853 | Orc:1    | Found Aqiuf's Weapon Boutique.
 25029 | Orc:1    | Found Ethiojo's Antique Armour Shoppe.
 25133 | Orc:1    | Bought a potion of heal wounds for 75 gold pieces
 25133 | Orc:1    | Bought 2 potions of haste for 300 gold pieces
 25133 | Orc:1    | Bought a potion of heal wounds for 75 gold pieces
 25133 | Orc:1    | Bought a potion of resistance for 150 gold pieces
 25133 | Orc:1    | Bought a potion of lignification for 45 gold pieces
 25133 | Orc:1    | Bought a potion of lignification for 45 gold pieces
 25253 | Orc:2    | Entered Level 2 of the Orcish Mines
 25254 | Orc:2    | Noticed an orc warlord
 25354 | Orc:2    | Noticed Jorgrun
 25375 | Orc:1    | Killed Jorgrun
 26348 | Orc:2    | Reached skill level 20 in Axes
 26355 | Orc:2    | Killed an orc warlord
 27067 | Orc:2    | Found Vianluzi's Antique Weapon Emporium.
 27308 | Orc:2    | Found Talujuck's Antique Armour Boutique.
 27393 | Orc:2    | Found Ymmufy's General Store.
 27394 | Orc:2    | Found a staircase to the Elven Halls.
 27401 | Orc:2    | Bought 2 potions of curing for 72 gold pieces
 27483 | Orc:2    | Found Locing's Book Shop.
 27493 | Orc:2    | Received a gift from Okawaru
 29322 | D:13     | Found a gate to the Vaults.
 29330 | D:13     | Reached skill level 10 in Armour
 29808 | D:14     | Found a frozen archway.
 29824 | IceCv    | Entered an ice cave
 29833 | IceCv    | Reached skill level 10 in Dodging
 29963 | IceCv    | Reached skill level 21 in Axes
 30130 | IceCv    | Received a gift from Okawaru
 30132 | IceCv    | Reached XP level 15. HP: 105/147 MP: 19/19
 31132 | IceCv    | Noticed a golden dragon
 31543 | IceCv    | Killed a golden dragon
 31633 | IceCv    | Identified the ring "Omuawech" {*Slow rF+ Int+4 Stlth+}
 31720 | D:14     | Found a shadowy altar of Dithmenos.
 32161 | D:14     | Noticed Lodul
 32167 | D:14     | Killed Lodul
 32594 | D:14     | Identified the +0 pair of gloves "Ugusuto" {*Corrode rN+++
                  | Int+3 Dex-5} (Okawaru gifted it to you on level 14 of the
                  | Dungeon)
 32594 | D:14     | Received a gift from Okawaru
 32716 | D:14     | Found Meshro's Magic Scroll Boutique.
 32725 | D:14     | Bought a scroll of identify for 34 gold pieces
 32725 | D:14     | Bought a scroll of blinking for 127 gold pieces
 32725 | D:14     | Bought a scroll of blinking for 127 gold pieces
 32725 | D:14     | Bought a scroll of identify for 34 gold pieces
 32725 | D:14     | Bought a scroll of teleportation for 51 gold pieces
 32725 | D:14     | Bought a scroll of fear for 68 gold pieces
 32923 | D:15     | Entered Level 15 of the Dungeon
 33054 | D:15     | Found a staircase to the Depths.
 34092 | D:15     | Reached skill level 1 in Maces & Flails
 34205 | D:15     | Noticed Azrael
 34597 | D:15     | Killed Azrael
 34793 | Depths:1 | Entered Level 1 of the Depths
 35033 | Spider:1 | Entered Level 1 of the Spider Nest
 35270 | D:7      | Bought a scroll of enchant armour for 97 gold pieces
 35270 | D:7      | Bought a scroll of enchant weapon for 97 gold pieces
 35532 | D:14     | Bought 3 scrolls of enchant armour for 382 gold pieces
 36349 | Spider:1 | Received a gift from Okawaru
 36599 | Spider:1 | Reached skill level 5 in Maces & Flails
 36833 | Spider:1 | Reached XP level 16. HP: 158/158 MP: 20/20
 36881 | Spider:1 | Identified the +4 dire flail of Sukyhe Ruicw {venom, rPois
                  | Str+3 Int+3 Dex+3} (Okawaru gifted it to you on level 1 of
                  | the Spider Nest)
 36881 | Spider:1 | Received a gift from Okawaru
 37973 | Spider:2 | Received a gift from Okawaru
 38160 | Spider:2 | Identified the +6 halberd of Grace {protect, rPois}
 38835 | Spider:3 | Paralysed by a jorogumo for 1 turns
 39043 | Spider:3 | Received a gift from Okawaru
 39450 | Spider:3 | Gained mutation: You are clumsy. (Dex -2) [mutagenic glow]
 39459 | Spider:3 | Gained mutation: You do not regenerate when monsters are
                  | visible. [mutagenic glow]
 40324 | Spider:4 | Entered Level 4 of the Spider Nest
 41056 | Spider:4 | Received a gift from Okawaru
 41062 | Spider:3 | Reached XP level 17. HP: 164/169 MP: 21/21
 41599 | Orc:2    | Bought a scorched longbow for 356 gold pieces
 41599 | Orc:2    | Identified the +1 longbow of Tupi Ceu {freeze, rF- Int+8
                  | SInv Stlth+} (You bought it in a shop on level 2 of the
                  | Orcish Mines)
 41599 | Orc:2    | Bought a runed arbalest for 232 gold pieces
 41791 | Shoals:1 | Entered Level 1 of the Shoals
 41831 | Shoals:1 | Noticed Louise
 41845 | Shoals:1 | Killed Louise
 41846 | Shoals:1 | Reached skill level 1 in Ranged Weapons
 42117 | Shoals:1 | Found Guunuk's General Store.
 42416 | Shoals:1 | Bought a potion of resistance for 140 gold pieces
 42416 | Shoals:1 | Bought a potion of heal wounds for 70 gold pieces
 42497 | Shoals:1 | Found Ezearph's Antique Armour Shop.
 42500 | Shoals:1 | Bought a pair of runed gloves for 195 gold pieces
 42717 | Shoals:1 | Reached skill level 22 in Axes
 42788 | Shoals:1 | You fall into a shaft and drop 1 floor!
 43071 | Shoals:1 | Found Pifripp's Book Boutique.
 44232 | Shoals:2 | Identified the scarf "Gem Ciat" {+Inv, Will- rCorr Str+3}
                  | (Okawaru gifted it to you on level 2 of the Shoals)
 44232 | Shoals:2 | Received a gift from Okawaru
 44987 | Shoals:3 | Reached skill level 1 in Evocations
 45275 | Shoals:3 | Found Witsiuf's Vocational Training.
 45300 | Shoals:3 | Reached skill level 5 in Ranged Weapons
 46135 | Shoals:4 | Entered Level 4 of the Shoals
 47356 | Shoals:4 | Reached skill level 23 in Axes
 47925 | Shoals:4 | Found the amulet of Vitality {RegenMP++ Regen++}
 47928 | Shoals:4 | Paralysed by a sphinx for 4 turns
 47963 | Shoals:4 | Shot with an arrow by a satyr

Illustrated notes

Levels and vault maps discovered:
D:1:      lightli_arrival_quake, layout_rooms, chequers_serial_rivers_micro_d
D:2:      layout_loops_ring, basic_altar, serial_rivers,
          chequers_serial_rivers_small_a, chequers_serial_rivers_micro_c,
          chequers_serial_rivers_micro_c, chequers_serial_rivers_micro_e,
          hellmonk_ecumenical_altar_heavens_door, uniq_natasha, uniq_terence
D:3:      layout_basic, nicolae_wormholes, uniq_crazy_yiuf_cottage
D:4:      layout_rooms
D:5:      layout_gridville, worldfamousw_hep_ancestral_shrine, enter_ossuary_4,
          nrook_uturn, grunt_decor_arrowhead
D:6:      layout_basic, minmay_temple_entry_wispy, serial_curves,
          eino_curves_03, eino_curves_02, uniq_sigmund, uniq_edmund
D:7:      layout_basic, serial_shops, shop
D:8:      layout_basic
D:9:      layout_basic, dpeg_oklobed_lair, uniq_joseph
D:10:     layout_basic, mainiacjoe_overflow_small_starburst,
          lemuel_zombie_altar_yredelemnul, mainiacjoe_overflow_six_doors_small,
          serial_shops, nicolae_shop_tiny_glass, kennysheep_generic_room_15
D:11:     layout_irregular_city, zombieorc1_lemuel
D:12:     layout_small_grid, grunt_gozag_statues
D:13:     layout_long_grid, grunt_vaults_entry_fortified, gauntlet_entry_generic
D:14:     layout_irregular_city, portal_ice_cave_entry_pillars_three,
          serial_co_window_serial, co_window_corner_a, co_window_corner_a,
          co_window_cross_1, co_window_paths_a, co_window_corner_a,
          co_window_cross_2, co_window_of_opportunity_b, co_window_cross_4,
          co_window_broadway_c, co_window_of_opportunity_b, co_window_2corner,
          glass_columns_b, grunt_dithmenos_smoke, serial_shops,
          nicolae_diamond_shop, serial_bayou_lagoon_a, serial_bayou_pond_d,
          uniq_lodul
D:15:     gammafunk_depths_entry_grave, layout_rooms, minivault_4, uniq_azrael
Temple:   regret_index_temple_chain_breaker
Lair:1:   layout_regular_city, grunt_forest_stairs_basic, st_stairs_9,
          serial_bayou_shore_a
Lair:2:   layout_small_grid, st_stairs_13
Lair:3:   layout_regular_city, minmay_shoals_entry_hut,
          hellmonk_spider_entry_not_the_bees, lemuel_fruit_tree
Lair:4:   layout_cave_pods
Lair:5:   guppyfry_lair_end_dragon, layout_long_grid,
          hangedman_lair_tendril_chambers, minmay_slime_entry_oklob_open,
          minivault_11, dreamdust_mushroom_princess, patterned_corridor,
          serial_bayou_shore_b, uniq_sonja
Shoals:1: layout_shoals, serial_shops, nicolae_square_shop,
          nicolae_shop_tiny_real_fake_doors, shop,
          nicolae_shoals_water_elemental_grotto, uniq_louise
Shoals:2: layout_shoals, nicolae_shoals_mertower
Shoals:3: layout_shoals, nicolae_shop_vocational
Shoals:4: shoals_end_hellmonk_lost_city, uniq_polyphemus
Spider:1: layout_spider_delve, hangedman_spider_tarantella_strand
Spider:2: nicolae_spider_mines_1
Spider:3: layout_spider_delve
Spider:4: grunt_spider_rune_circles, drop_trap
Orc:1:    layout_caves, basic_altar, serial_shops, shop,
          nicolae_shop_overgrown_old_shop, nicolae_shop_just_a_little_nook, shop
Orc:2:    grunt_orc_gardens, layout_caves, grunt_orc_garden, grunt_orc_garden,
          grunt_orc_garden, grunt_orc_garden, uniq_jorgrun
Depths:1: layout_basic, serial_curves, eino_curves_04, eino_curves_03,
          eino_curves_01, eino_curves_03, serial_shops,
          nicolae_shop_pleasant_corner_grove, hell_entry,
          minmay_room_of_horrors, minmay_misc_feat_room, horrible_house_mu,
          uniq_saint_roka

Skill      XL: |  1  2  3  4  5  6  7  8  9 10 11 12 13 14 15 16 17 |
---------------+----------------------------------------------------+-----
Axes           | 4 5 6 8 9 11 13 15 16 18 19 21 23 | 23.1
Fighting       | 4 7 8 11 13 14 15 16 17 18 19 | 19.8
Invocations    | 7 |  7.0
Armour         | 5 8 10 11 14 | 14.2
Dodging        | 6 8 10 11 13 14 | 14.8
Maces & Flails | 5 7 |  7.5
Ranged Weapons | 6 |  6.1
Evocations     | 3 |  3.3
Throwing       | |  2.0

Action                     |  1- 3 |  4- 6 |  7- 9 | 10-12 | 13-15 | 16-18 || total
---------------------------+-------+-------+-------+-------+-------+-------++-------
  Melee: War axe           |    80 |   101 |   231 |   673 |   498 |       ||  1583
         Headbutt          |    11 |    15 |    51 |   130 |   216 |   118 ||   541
         Punch             |       |       |     2 |     5 |     8 |       ||    15
         Glaive            |       |       |       |    20 |     2 |       ||    22
         Battleaxe         |       |       |       |       |   428 |   351 ||   779
         Executioner's axe |       |       |       |       |       |   255 ||   255
   Fire: Arbalest          |       |       |       |       |       |    79 ||    79
  Throw: Throwing net      |       |     1 |     1 |     1 |       |       ||     3
         Dart              |       |       |       |     1 |       |       ||     1
         Boomerang         |       |       |       |     1 |       |       ||     1
 Invoke: Heroism           |       |       |       |     4 |     8 |     4 ||    16
         Finesse           |       |       |       |     2 |     4 |     4 ||    10
  Evoke: Wand              |       |       |       |     7 |    11 |     3 ||    21
    Use: Scroll            |       |     1 |     7 |    10 |    28 |    14 ||    60
         Potion            |       |       |       |    11 |     2 |    17 ||    30
   Stab: Held in net/web   |       |     1 |       |     2 |       |       ||     3
         Invisible         |       |       |       |       |       |     4 ||     4
 Armour: Leather armour    |    27 |    13 |       |       |       |       ||    40
         Ring mail         |       |    25 |    53 |       |       |       ||    78
         Plate armour      |       |       |    17 |   299 |   384 |       ||   700
         Gold dragon scale |       |       |       |       |   111 |   684 ||   795
  Dodge: Dodged            |    68 |    50 |    90 |   255 |   682 |   670 ||  1815
